 Dungeon Crawl Stone Soup version 0.18-a0-1343-g48c8f86 (webtiles) character file.

1019 M4edhros the Covert (level 8, 0/48 HPs)
             Began as an Octopode Artificer on Feb 16, 2016.
             Slain by M4edhros's ghost (11 damage)
             ... on level 5 of the Dungeon.
             The game lasted 00:09:23 (4137 turns).

M4edhros the Covert (Octopode Artificer)            Turns: 4137, Time: 00:09:23

Health: 0/48       AC:  1    Str: 16    XL:     8   Next: 22%
Magic:  10/10      EV: 12    Int: 16    God:    Xom [..*...]
Gold:   180        SH:  0    Dex: 12    Spells: 0 memorised, 7 levels left

rFire  + . .     SeeInvis .     a - +0 short sword
rCold  . . .     Gourm    .     (no shield)
rNeg   . . .     Faith    .     (helmet restricted)
rPois  +         Spirit   .     (no amulet)
rElec  .         Dismiss  .     (no ring)
rCorr  .         Reflect  .     (no ring)
SustAt .         Harm     .     (no ring)
MR     .....                    (no ring)
Stlth  +++++++...               (no ring)
                                (no ring)
                                (no ring)
                                (no ring)

@: mighty, very slightly contaminated, invisible, not resistant to hostile
enchantments, extremely stealthy
A: almost no armour, amphibious, 8 rings, constrict 8, tentacle spike 1,
camouflage 1, fire resistance 1, sense surroundings 1, poison resistance,
screaming 1, slow regeneration 1, gelatinous body 1
a: Renounce Religion


You were on level 5 of the Dungeon.
You worshipped Xom.
You were a toy of Xom.
You were near starving.

You visited 2 branches of the dungeon, and saw 7 of its levels.

You collected 180 gold pieces.

Inventory:

Hand Weapons
 a - a +0 short sword (weapon)
Missiles
 i - 61 stones (quivered)
 m - 31 sling bullets
Wands
 b - a wand of flame (2/48)
 c - a wand of enslavement (3/24)
 d - a wand of random effects (1/48)
 n - a wand of paralysis (17/24)
 p - a wand of lightning (7/15)
 q - a wand of iceblast (7/15)
 u - a wand of acid (4/15)
Scrolls
 e - a scroll of fear
 k - a scroll of teleportation
 l - 2 scrolls of remove curse
 r - a scroll of blinking
 t - a scroll of magic mapping
 w - a scroll of amnesia
 y - a scroll of recharging
Potions
 v - a potion of heal wounds {unknown}
 x - a potion of mutation {unknown}
Books
 s - a book of Minor Magic

   Spells                             Type                      Level
   a - Magic Dart                     Conjuration                  1
   b - Blink                          Translocation                2
   c - Call Imp                       Summoning                    2
   d - Repel Missiles                 Charms/Air                   2
   e - Slow                           Hexes                        2
   f - Conjure Flame                  Conjuration/Fire             3
   g - Mephitic Cloud                 Conjuration/Poison/Air       3
Comestibles
 f - 4 bread rations
 h - a beef jerky
 j - a meat ration
 z - 4 fruits


   Skills:
 - Level 1.0 Fighting
 - Level 1.0 Short Blades
 - Level 2.0 Dodging
 + Level 12.8 Stealth
 - Level 3.2 Evocations


You had 7 spell levels left.
You didn't know any spells.

Dungeon Overview and Level Annotations

Branches:
Dungeon (6/15)             Temple (1/1) D:5

Altars:
Ashenzari
Dithmenos
Elyvilon
Gozag
Kikubaaqudgha
Makhleb
Nemelex Xobeh
Pakellas
Qazlal
Ru
Sif Muna
Vehumet
Xom
Yredelemnul
The Shining One

Shops:
D:5 *

Annotations:
D:5 M4edhros's ghost, novice OpAr


Innate Abilities, Weirdness & Mutations

You cannot wear most types of armour.
You are amphibious.
You can wear up to eight rings at the same time.
You can use your tentacles to constrict eight enemies at once.
Your skin changes colour to match your surroundings (Stealth).
Your rubbery body absorbs attacks (AC +1).
One of your tentacles bears a spike.
Your flesh is heat resistant.
You passively map a small area around you.
Your system is resistant to poisons.
You occasionally shout uncontrollably at your foes.
You regenerate slowly when monsters are visible.


Message History

Your tentacle spike misses M4edhros's ghost.
M4edhros's ghost is lightly damaged.
M4edhros's ghost misses you. The crimson imp misses you.
The crimson imp misses you.
You miss M4edhros's ghost.
M4edhros's ghost is lightly damaged.
You hit the crimson imp but do no damage.
Your grab misses the crimson imp.
M4edhros's ghost turns its malevolent gaze towards you.
You pierce the crimson imp, but do no damage.
You closely miss M4edhros's ghost.
Your tentacle spike misses M4edhros's ghost.
M4edhros's ghost is lightly damaged.
M4edhros's ghost hits you.
* * * LOW HITPOINT WARNING * * *
Drink which item? (? for menu, Esc to quit)
You feel very mighty all of a sudden. M4edhros's ghost hits you!
You die...
Xom laughs nastily!

#[# #...### #5#.# #.## ###...#
#.#<# #..# ###.## #.#.# # ##.#
#####..# #...# #
#.###......####.### #
#..#........##..#####
##.......<........... #########
##5W............#### ##...#...##
#.@...........## # #.........##
#..........#..##### ...........#
#.................. ......<....#
#.........#...####. ...........#
#.........##..##... #.........##
#................#. ##.)......#
##.........#.#W.....
####.#.#.####..........#........
#..#.#.#....#...........###.##


You could see M4edhros's ghost and a crimson imp.

Vanquished Creatures
  Grinder (D:5)
  Menkaure (D:4)
  3 sky beasts
  Blork the orc (D:4)
  A scorpion (D:5)
  A crimson imp (D:4)
  A hound (D:6)
  A giant frog skeleton (D:5)
  2 orc priests
  An orc wizard (D:4)
  2 worker ants (D:5)
  A killer bee zombie (D:6)
  A shadow imp (D:5)
  An ooze (D:3)
  An adder zombie (D:6)
  A worm (D:3)
  4 giant geckos
  10 orcs
  2 giant cockroaches
  8 goblins
  5 hobgoblins
  5 jackals
  5 kobolds
  2 quokkas
  6 bats
  4 giant newts
  A rat (D:1)
72 creatures vanquished.

Vanquished Creatures (collateral kills)
  The ghost of M4edhros the Sneak, a weakling OpAr (D:4)
1 creature vanquished.

Vanquished Creatures (others)
  A scorpion (D:4)
  An orc priest (D:4)
  A giant gecko (D:3)
  A hobgoblin (D:3)
4 creatures vanquished.

Grand Total: 77 creatures vanquished

Notes
Turn   | Place    | Note
--------------------------------------------------------------
     0 | D:1      | M4edhros the Octopode Artificer began the quest for the Orb.
     0 | D:1      | Reached XP level 1. HP: 13/13 MP: 3/3
   473 | D:1      | Reached XP level 2. HP: 15/18 MP: 4/4
   669 | D:2      | Reached skill level 4 in Stealth
   680 | D:2      | Reached XP level 3. HP: 23/23 MP: 5/5
  1074 | D:3      | Reached skill level 5 in Stealth
  1436 | D:4      | Noticed a scorpion
  1479 | D:4      | Noticed Menkaure
  1493 | D:4      | Noticed Blork the orc
  1500 | D:4      | Noticed M4edhros's ghost (weakling OpAr)
  1502 | D:4      | Killed Blork the orc
  1502 | D:4      | Reached skill level 6 in Stealth
  1502 | D:4      | Reached XP level 4. HP: 18/28 MP: 6/6
  1502 | D:4      | Reached XP level 5. HP: 21/33 MP: 7/7
  1525 | D:4      | Killed M4edhros's ghost
  1525 | D:4      | Reached skill level 7 in Stealth
  1533 | D:4      | Killed Menkaure
  1533 | D:4      | Reached skill level 8 in Stealth
  1533 | D:4      | Reached XP level 6. HP: 14/38 MP: 8/8
  1865 | D:4      | Reached skill level 9 in Stealth
  2320 | D:4      | Found a shadowy altar of Dithmenos.
  2335 | D:4      | Noticed a troll
  2454 | D:5      | Entered Level 5 of the Dungeon
  2604 | D:5      | Reached skill level 10 in Stealth
  2604 | D:5      | Reached XP level 7. HP: 32/43 MP: 9/9
  2752 | D:5      | Noticed M4edhros's ghost (novice OpAr)
  2895 | D:5      | Found an opulent altar of Gozag.
  2899 | D:5      | Found Gozag's Platinum Reserve.
  2914 | D:5      | Found a staircase to the Ecumenical Temple.
  2925 | Temple   | Entered the Ecumenical Temple
  2986 | Temple   | Became a worshipper of Xom of Chaos
  3005 | D:5      | Noticed Grinder
  3007 | D:5      | Paralysed by Grinder for 6 turns
  3009 | D:5      | XOM: potion effect (invisibility)
  3311 | D:6      | Gained mutation: You occasionally shout uncontrollably at your foes. [mutagenic meat]
  3312 | D:6      | Gained mutation: You evolve. [mutagenic meat]
  3313 | D:6      | Gained mutation: Your flesh is heat resistant. [mutagenic meat]
  3355 | D:6      | Reached skill level 11 in Stealth
  3557 | D:5      | Paralysed by something for 2 turns
  3709 | D:6      | XOM: colour smoke trail
  3770 | D:5      | XOM: potion effect (invisibility)
  3773 | D:5      | Killed Grinder
  3773 | D:5      | Reached skill level 12 in Stealth
  3798 | D:5      | Reached XP level 8. HP: 41/48 MP: 10/10
  3806 | D:5      | Found a stormy altar of Qazlal.
  3836 | D:5      | XOM: silly message
  3843 | D:5      | Gained mutation: You regenerate slowly when monsters are visible. [mutagenic meat]
  3844 | D:5      | Gained mutation: One of your tentacles bears a spike. [mutagenic meat]
  3845 | D:5      | Gained mutation: Your system is resistant to poisons. [evolution]
  3845 | D:5      | Lost mutation: You evolve. [end of evolution]
  3846 | D:5      | Gained mutation: You passively map a small area around you. [mutagenic meat]
  3930 | D:5      | XOM: cast spell 'Call Canine Familiar'
  3959 | D:5      | XOM: divination: detect creatures
  3975 | D:5      | XOM: harmless Divn miscast
  4127 | D:5      | XOM: potion effect (invisibility)
  4128 | D:5      | XOM: harmless Tloc miscast
  4137 | D:5      | Slain by M4edhros's ghost

Vault maps used:
D:1:      minmay_arrival_checkered_box, st_stairs_1,
          nemelex_diamond_rough_becter
D:2:      minmay_misc_feat_chi, uniq_sigmund
D:3:      kennysheep_the_goblin_king, first_bread
D:4:      grunt_dithmenos_smoke, uniq_menkaure, uniq_blork_the_orc
D:5:      nicolae_gozag_zags_fifth_avenue, grunt_qazlal_clouds, temple_statues,
          uniq_grinder
D:6:      gammafunk_temple_overflow_elements, serial_shops, kennysheep_mini,
          st_stairs_3
Temple:   circular_temple_12

Action                   |  1- 3 |  4- 6 |  7- 9 || total
-------------------------+-------+-------+-------++-------
Melee: Short sword       |    73 |    45 |    55 ||   173
Evoke: Wand              |     7 |    15 |    17 ||    39
  Use: Scroll            |       |       |     7 ||     7
       Potion            |       |       |     3 ||     3
 Stab: Sleeping          |     7 |     2 |     1 ||    10
  Eat: Chunk             |     1 |     3 |     8 ||    12
       Meat ration       |       |       |     1 ||     1
